Map: Arctic Dream LE

Players

qqq

  • Race: Zerg Zerg
  • Spawn Location: 12:00

Massa

  • Race: Terran Terran
  • League: Platinum
  • Spawn Location: 11:00

KipikK - Winner!

  • Race: Terran Terran
  • Spawn Location: 5:00

Claudy - Winner!

  • Race: Terran Terran
  • League: Diamond
  • Spawn Location: 6:00

VOD

Have the link to the VOD?

Description

Time

  • Played on: Feb. 17, 2021, 4:04 p.m.
  • Length: 13:04
Show
View Real Time Build Order
Export as new Build Order

qqq Zerg 

Build Orders: Hatch First, Brood Lord Corruptor 

Get SALT Encoding   

  12  0:00  Drone  
  13  0:09  Drone  
  14  0:18  Overlord  
  14  0:43  Hatchery  
  14  0:48  Drone  
  14  0:51  Drone  
  14  0:56  Drone  
  16  1:00  Drone  
  17  1:31  Drone x2  
  18  1:35  Drone, Extractor, Spawning Pool  
  17  1:47  Drone  
  19  1:54  Drone  
  19  1:56  Drone  
  20  2:04  Drone  
  20  2:08  Drone  
  22  2:12  Hatchery  
  22  2:15  Drone  
  22  2:17  Drone  
  23  2:24  Queen  
  25  2:33  Queen  
  27  2:39  Metabolic Boost  
  27  2:44  Overlord  
  27  2:48  Drone  
  28  2:52  Overlord  
  28  3:00  Overlord  
  28  3:04  Drone x2  
  28  3:05  Drone  
  31  3:10  Zergling x4  
  33  3:18  Roach Warren  
  32  3:20  Drone  
  32  3:40  Queen  
  32  3:41  Drone x4  
  38  3:43  Drone  
  38  3:44  Drone  
  38  3:46  Zergling x2  
  41  3:50  Zergling x2  
  41  3:51  Zergling x2  
  41  3:53  Zergling x2  
  44  3:55  Zergling x2  
  44  3:58  Zergling x2  
  44  4:01  Roach  
  48  4:06  Lair  
  48  4:11  Roach  
  48  4:12  Zergling x2  
  48  4:13  Zergling x2  
  48  4:15  Drone  
  48  4:17  Zergling x2  
  54  4:22  Zergling x6  
  54  4:24  Zergling x2  
  58  4:35  Overlord x3  
  58  4:39  Overlord  
  58  4:46  Overlord  
  58  4:53  Overlord, Roach x2  
  57  5:17  Drone  
  57  5:18  Drone  
  59  5:24  Drone x2, Infestation Pit  
  59  5:25  Drone x2  
  62  5:32  Drone x5  
  62  5:33  Drone  
  68  5:39  Drone x2  
  68  5:41  Extractor  
  69  5:44  Drone x2  
  69  5:46  Drone, Spore Crawler  
  69  5:49  Extractor  
  68  5:50  Extractor  
  67  6:07  Drone x2  
  67  6:08  Drone, Spire  
  67  6:11  Drone x5  
  71  6:12  Drone x4  
  71  6:17  Extractor  
  74  6:19  Extractor  
  73  6:29  Roach x3  
  73  6:31  Drone x3  
  82  6:34  Hatchery  
  83  6:40  Drone x2, Roach  
  83  6:41  Drone, Zergling x6  
  89  6:47  Hive  
  87  6:59  Zergling x2, Roach  
  87  7:00  Roach  
  79  7:20  Drone x3  
  79  7:21  Spore Crawler x2  
  80  7:22  Spore Crawler  
  80  7:23  Mutalisk x2  
  80  7:24  Mutalisk  
  80  7:26  Mutalisk  
  80  7:27  Drone x2  
  80  7:28  Drone x3  
  92  7:32  Spore Crawler  
  92  7:33  Spine Crawler  
  92  7:34  Spore Crawler  
  89  7:41  Drone, Spore Crawler  
  89  7:50  Mutalisk x2  
  84  7:52  Drone x2  
  84  7:59  Drone  
  84  8:01  Queen  
  84  8:02  Drone  
  88  8:09  Greater Spire  
  88  8:12  Drone x2  
  90  8:18  Spine Crawler  
  90  8:19  Drone x2  
  91  8:21  Spine Crawler  
  91  8:23  Hatchery  
  87  8:29  Corruptor x2  
  81  8:34  Drone x2  
  81  8:43  Drone x2  
  83  8:53  Corruptor  
  83  8:54  Corruptor x2  
  87  8:55  Drone  
  87  8:56  Drone x3  
  91  9:09  Drone x3  
  86  9:16  Corruptor x2  
  88  9:17  Overlord x3  
  88  9:19  Drone x2  
  88  9:21  Extractor  
  88  9:23  Extractor  
  90  9:29  Drone x4  
  94  9:37  Brood Lord x2  
  98  9:41  Zerg Flyer Armor Level 1  
  98  9:45  Drone  
  98  9:46  Drone x5  
  98  9:50  Corruptor  
  106  9:55  Drone x2  
  108  10:02  Drone  
  108  10:03  Mutalisk x2  
  108  10:04  Zergling x6  
  108  10:05  Drone x2, Zergling x2  
  119  10:08  Spine Crawler  
  119  10:10  Drone  
  119  10:12  Spine Crawler  
  118  10:23  Corruptor  
  118  10:27  Brood Lord  
  119  10:30  Spine Crawler  
  119  10:34  Mutalisk  
  116  10:39  Overlord x5  
  116  10:40  Overlord x2  
  106  10:55  Brood Lord  
  106  10:56  Brood Lord  
  88  11:07  Brood Lord  
  84  11:12  Spine Crawler x2  
  84  11:13  Spine Crawler  
  84  11:14  Brood Lord  
  83  11:30  Spore Crawler  
  83  11:31  Corruptor  
  84  11:49  Brood Lord, Corruptor  
  84  11:52  Zergling x10  
  84  11:53  Zergling x6  
  94  12:22  Corruptor x2  
  94  12:23  Corruptor x2  
  94  12:28  Hatchery  
  97  12:35  Hatchery x2  
  67  12:45  Zergling x6  
  67  12:46  Zergling x2  
Show
View Real Time Build Order
Export as new Build Order

Massa Terran 

Build Orders:  

Get SALT Encoding   

  12  0:00  SCV  
  13  0:12  SCV  
  14  0:17  Supply Depot  
  14  0:24  SCV  
  15  0:38  SCV  
  15  0:39  Barracks  
  16  0:47  Refinery  
  16  0:51  SCV  
  17  1:03  SCV  
  18  1:15  SCV  
  19  1:28  Barracks  
  19  1:30  Marine, Supply Depot  
  19  1:32  Orbital Command  
  20  1:42  Barracks  
  20  1:54  Marine  
  21  2:04  SCV  
  22  2:16  Marine  
  22  2:20  Barracks Tech Lab  
  22  2:22  SCV  
  24  2:23  Supply Depot  
  24  2:29  Marine  
  24  2:38  Marine  
  24  2:41  Marauder  
  24  2:42  Stimpack  
  27  2:47  Marine  
  28  2:56  Marine  
  28  2:58  Command Center  
  29  3:02  Marauder  
  29  3:04  Marine  
  32  3:15  Marine  
  33  3:22  Marine, Supply Depot  
  33  3:23  Marauder  
  36  3:32  Marine  
  37  3:40  Marine  
  38  3:45  Marauder  
  40  3:49  Factory  
  40  3:50  SCV, Marine  
  40  3:54  Supply Depot  
  42  3:58  Marine  
  43  4:06  Marauder  
  43  4:08  Marine  
  46  4:14  SCV  
  46  4:16  Marine  
  48  4:18  Orbital Command  
  48  4:24  Engineering Bay  
  47  4:36  Marauder, Marine x2  
  51  4:54  Marine  
  51  4:57  Marauder  
  39  5:02  Marine  
  36  5:10  Factory Tech Lab  
  36  5:11  Marine  
  37  5:14  Refinery  
  37  5:18  SCV x2  
  37  5:19  Marauder  
  37  5:20  Marine  
  39  5:30  SCV x2  
  41  5:38  Armory  
  41  5:40  Marauder  
  41  5:41  Barracks Reactor, Barracks Tech Lab  
  43  5:49  Missile Turret  
  43  5:50  SCV x2  
  45  5:58  Missile Turret  
  45  6:01  Sensor Tower  
  45  6:03  SCV x2  
  47  6:05  Refinery  
  47  6:08  Refinery  
  47  6:09  Missile Turret  
  47  6:15  SCV x2  
  49  6:27  SCV  
  50  6:34  Siege Tank  
  50  6:38  Combat Shield  
  53  6:40  Marine  
  53  6:41  Marauder, Marine x2  
  58  6:58  Marine  
  59  7:02  Marine  
  59  7:03  Marauder  
  62  7:13  Supply Depot x2  
  62  7:14  Supply Depot x2  
  62  7:20  Command Center  
  62  7:25  Starport  
  62  7:34  Marine x2  
  62  7:35  SCV x2, Marauder  
  68  7:42  Concussive Shells  
  68  7:47  SCV x2  
  70  7:59  SCV x2  
  70  8:05  Thor, Supply Depot  
  72  8:06  Supply Depot  
  72  8:08  Terran Infantry Weapons Level 1  
  72  8:11  SCV x2, Terran Vehicle Weapons Level 1  
  80  8:21  Medivac  
  80  8:23  SCV x2  
  84  8:35  SCV  
  84  8:36  Orbital Command  
  84  8:37  SCV  
  84  8:38  Sensor Tower  
  86  8:46  Refinery  
  86  8:47  SCV  
  86  8:48  Refinery  
  87  8:49  SCV  
  87  8:51  Medivac  
  90  9:00  Thor  
  96  9:04  Factory  
  96  9:10  Factory  
  96  9:13  SCV x3  
  99  9:21  Medivac  
  99  9:22  Armory  
  101  9:25  SCV x3  
  104  9:31  Supply Depot  
  104  9:32  Supply Depot  
  104  9:37  SCV x3  
  107  9:41  Missile Turret  
  107  9:43  Thor  
  113  9:46  Missile Turret  
  113  9:52  Factory Tech Lab  
  113  9:54  Factory Tech Lab  
  113  9:55  Supply Depot  
  113  9:56  Marauder  
  113  9:57  Marauder, Supply Depot  
  117  10:18  Supply Depot  
  117  10:19  Marine x2, Marauder x2, Sensor Tower  
  123  10:25  Thor  
  123  10:28  Command Center  
  129  10:37  Marine x2  
  129  10:38  Thor  
  129  10:40  Marauder, Marine  
  129  10:41  SCV x3  
  141  10:53  SCV  
  141  10:56  Thor  
  148  11:08  Thor  
  154  11:20  Thor  
  154  11:21  Marauder, Marine  
  154  11:22  Marauder  
  165  11:31  Supply Depot  
  165  11:36  Supply Depot  
  165  11:38  Supply Depot  
  165  11:39  Marine, Thor, Supply Depot  
  175  11:40  SCV x3  
  175  11:44  Smart Servos  
  175  11:52  SCV x2  
  175  11:53  SCV, Thor  
  178  12:04  SCV x2  
  178  12:05  SCV  
  149  12:32  Marauder x2  
  149  12:33  Marine  
Show
View Real Time Build Order
Export as new Build Order

KipikK Terran - Winner!

Build Orders: Mech 

Get SALT Encoding   

  12  0:00  SCV  
  13  0:12  SCV  
  14  0:17  Supply Depot  
  14  0:27  SCV  
  15  0:32  Refinery  
  15  0:39  SCV  
  16  0:45  Barracks  
  16  0:51  SCV  
  17  1:04  SCV  
  18  1:16  SCV  
  19  1:29  SCV  
  20  1:40  Reaper  
  20  1:41  Orbital Command  
  21  1:48  Supply Depot  
  21  1:53  Factory  
  21  1:59  Supply Depot  
  21  2:07  SCV  
  22  2:12  Barracks Reactor  
  22  2:24  SCV, Command Center  
  23  2:33  Refinery  
  23  2:40  SCV  
  24  2:47  Starport  
  24  2:52  SCV  
  25  3:02  Hellion x2  
  29  3:06  SCV  
  30  3:18  SCV  
  31  3:30  SCV  
  32  3:37  Hellion x2, Medivac  
  32  3:39  Barracks Tech Lab, Factory  
  38  3:43  Orbital Command  
  38  3:45  SCV  
  38  3:59  Armory  
  38  4:01  Widow Mine  
  40  4:12  SCV  
  40  4:13  SCV  
  40  4:14  Refinery  
  42  4:23  Refinery  
  43  4:24  SCV  
  43  4:25  SCV  
  43  4:28  Widow Mine  
  43  4:30  Siege Tank  
  49  4:39  Hellion, Viking  
  49  4:41  SCV  
  54  4:50  Supply Depot x2  
  54  4:57  SCV  
  53  5:05  SCV  
  48  5:08  Hellion, Hellbat  
  48  5:09  SCV  
  48  5:11  Siege Tank  
  48  5:13  Supply Depot  
  56  5:18  Hellion  
  56  5:20  SCV  
  57  5:23  Infernal Pre-Igniter  
  57  5:29  Hellion  
  57  5:33  SCV  
  57  5:34  Hellion  
  62  5:41  SCV  
  63  5:44  Command Center  
  63  5:50  SCV  
  63  5:52  Hellion  
  63  5:54  Siege Tank  
  69  6:05  Terran Vehicle Weapons Level 1  
  69  6:07  Viking  
  69  6:10  SCV  
  72  6:13  Factory  
  72  6:14  SCV, Factory  
  73  6:22  SCV  
  74  6:26  SCV  
  74  6:28  Siege Tank  
  74  6:30  Supply Depot  
  74  6:32  Supply Depot  
  78  6:51  SCV x2, Hellion x2  
  84  7:03  SCV x2  
  82  7:17  SCV x2  
  82  7:19  Orbital Command  
  82  7:21  Hellion x2  
  88  7:23  Factory Tech Lab x2  
  88  7:29  SCV x2  
  90  7:30  Starport Reactor  
  90  7:32  Supply Depot  
  90  7:35  Supply Depot  
  90  7:41  SCV x2, Orbital Command  
  92  7:47  Engineering Bay  
  92  7:50  Refinery x2  
  90  8:10  SCV x2  
  92  8:16  Siege Tank x3  
  92  8:17  Hellion x2  
  92  8:18  SCV, Liberator  
  92  8:19  Viking  
  111  8:20  Hellion x2  
  111  8:21  Terran Vehicle Weapons Level 2  
  111  8:22  SCV  
  110  8:29  Missile Turret  
  110  8:30  Missile Turret  
  110  8:33  SCV x2  
  100  8:34  SCV  
  100  8:37  Command Center, Missile Turret  
  95  8:45  SCV, Hellion x2  
  95  8:48  Thor  
  100  8:53  Thor  
  100  8:55  Viking  
  111  9:01  Viking  
  110  9:10  SCV  
  110  9:14  Thor  
  110  9:16  SCV x2  
  118  9:21  Hellion x2  
  118  9:22  SCV  
  123  9:25  Viking  
  123  9:30  Supply Depot x3  
  123  9:31  Command Center  
  125  9:34  Viking, Siege Tank  
  130  9:42  Hellion  
  132  9:51  Thor  
  136  9:54  SCV x2  
  136  9:57  Hellion  
  136  9:58  Siege Tank  
  141  10:00  SCV  
  142  10:09  Refinery, Siege Tank  
  142  10:10  SCV x2, Hellion  
  142  10:12  SCV  
  150  10:14  Missile Turret  
  150  10:15  Refinery, Missile Turret  
  150  10:19  Hellion  
  148  10:26  SCV x2  
  150  10:30  Siege Tank  
  150  10:31  Hellion  
  150  10:34  Siege Tank  
  156  10:41  SCV  
  162  10:42  Siege Tank  
  162  10:43  Hellion  
  162  10:44  SCV  
  161  10:57  Command Center  
  161  10:58  Viking x2  
  161  11:02  Siege Tank  
  168  11:04  Starport  
  168  11:16  Orbital Command  
  168  11:17  Missile Turret  
  168  11:19  Missile Turret  
  168  11:20  SCV  
  168  11:25  SCV  
  170  11:28  Viking  
  172  11:33  Supply Depot  
  172  11:34  Supply Depot  
  172  11:37  Supply Depot  
  172  11:45  Command Center  
  172  11:46  Starport Reactor  
  172  11:47  Starport  
  172  11:55  SCV, Armory, Viking, Thor  
  172  11:56  Siege Tank  
  172  11:58  Thor  
  190  12:12  Hellion x3  
Show
View Real Time Build Order
Export as new Build Order

Claudy Terran - Winner!

Build Orders: Mech 

Get SALT Encoding   

  12  0:00  SCV  
  13  0:12  SCV  
  14  0:17  Supply Depot  
  14  0:24  SCV  
  15  0:33  Refinery  
  15  0:39  SCV  
  16  0:44  Barracks  
  16  0:51  SCV  
  17  1:04  SCV, Supply Depot  
  18  1:09  Refinery  
  18  1:16  SCV  
  19  1:28  SCV  
  20  1:39  Factory  
  20  1:40  Orbital Command  
  20  1:49  Reaper  
  21  2:05  SCV  
  22  2:22  Command Center  
  22  2:25  Factory Tech Lab  
  22  2:26  SCV  
  23  2:38  SCV  
  24  2:47  Siege Tank  
  24  2:50  Starport  
  28  2:51  SCV  
  28  2:57  Supply Depot  
  28  3:03  SCV  
  29  3:18  SCV  
  29  3:19  Siege Tank  
  33  3:32  Medivac  
  35  3:34  Orbital Command, Supply Depot  
  35  3:36  SCV  
  36  3:49  SCV  
  36  3:51  Siege Tank  
  40  3:59  Factory  
  40  4:01  SCV  
  41  4:05  SCV  
  42  4:11  Engineering Bay  
  42  4:13  SCV  
  43  4:17  SCV, Supply Depot  
  43  4:20  Refinery  
  44  4:25  SCV  
  45  4:33  Siege Tank  
  47  4:40  Supply Depot  
  47  4:44  SCV, Supply Depot  
  48  4:46  SCV  
  48  4:49  Hellion  
  51  4:56  Barracks  
  50  5:03  SCV  
  50  5:06  SCV  
  52  5:10  Barracks  
  52  5:11  Medivac  
  54  5:15  SCV, Factory Tech Lab, Siege Tank  
  58  5:22  Missile Turret  
  58  5:23  SCV  
  58  5:27  Refinery, SCV  
  60  5:31  Command Center  
  60  5:34  Siege Tank  
  63  5:40  SCV  
  63  5:41  SCV, Medivac  
  67  5:52  Siege Tank  
  67  5:54  SCV x2  
  67  5:55  Missile Turret  
  72  5:58  Supply Depot  
  72  6:05  Supply Depot  
  72  6:06  SCV x2  
  72  6:10  Siege Tank  
  77  6:16  Armory  
  77  6:18  SCV  
  78  6:41  SCV  
  78  6:42  SCV  
  78  6:44  Siege Tank x2  
  78  6:45  Orbital Command  
  86  6:47  Supply Depot  
  86  6:51  Missile Turret  
  86  6:53  Missile Turret  
  78  6:56  Missile Turret  
  78  6:57  Supply Depot  
  78  7:06  Orbital Command  
  78  7:07  SCV  
  79  7:08  Missile Turret  
  79  7:10  Missile Turret  
  79  7:11  Missile Turret  
  79  7:12  SCV, Missile Turret x3  
  80  7:21  Siege Tank  
  83  7:25  Starport Reactor  
  83  7:26  Siege Tank  
  83  7:28  SCV x2  
  88  7:33  Refinery, SCV  
  89  7:40  SCV x2  
  91  7:45  SCV  
  92  7:53  Factory  
  92  7:54  Thor  
  92  7:55  Factory  
  98  7:58  Thor  
  98  8:00  SCV  
  98  8:03  Refinery  
  105  8:06  SCV  
  105  8:11  SCV  
  105  8:12  SCV, Supply Depot  
  108  8:18  SCV, Medivac x2  
  113  8:20  Supply Depot  
  113  8:23  SCV  
  113  8:24  SCV  
  115  8:30  SCV, Infernal Pre-Igniter  
  115  8:31  Smart Servos  
  116  8:35  SCV  
  116  8:36  SCV  
  116  8:38  Supply Depot x2  
  118  8:46  Command Center  
  118  8:51  Thor  
  124  8:59  Thor  
  124  9:01  Factory Tech Lab  
  130  9:05  Supply Depot  
  130  9:06  Supply Depot  
  130  9:07  Factory Tech Lab  
  130  9:11  SCV x2  
  132  9:22  Siege Tank  
  135  9:24  SCV  
  135  9:31  Refinery  
  136  9:34  Refinery  
  136  9:35  SCV  
  136  9:37  Siege Tank  
  136  9:38  Thor  
  146  9:45  Missile Turret  
  146  9:46  Missile Turret x2  
  146  9:49  SCV, Sensor Tower  
  146  9:50  Missile Turret  
  147  9:53  Missile Turret  
  147  10:03  Siege Tank  
  147  10:05  Liberator x2  
  156  10:12  Factory, Supply Depot  
  156  10:15  Supply Depot x2  
  156  10:28  Siege Tank x2  
  162  10:31  Supply Depot  
  162  11:05  Thor  
  162  11:06  Thor x2  
  162  11:07  Hellion  
  182  11:16  Orbital Command  
  182  11:28  Hellion  
  182  11:32  Factory  
  184  11:47  Armory  
  184  11:48  Factory Reactor, Thor x2  
  184  11:49  Hellion  
  184  11:50  Hellion  
Tags
 
Add a new tag
Caveats
  • Supply blocks, unpowered buildings, or Contaminate may cause inaccurate times.
  • Supply counts are checked every 10 seconds.